 Dungeon Crawl Stone Soup version 0.31.0-11-ge490571c62 (webtiles) character file.

Game seed: 4885176586819788062

2347 ezpacito the Chopper (level 9, -1/68 HPs)
             Began as a Demonspawn Berserker on Jan 30, 2024.
             Was an Elder of Trog.
             Succumbed to a kobold's poison
             ... on level 7 of the Dungeon.
             The game lasted 00:11:29 (5556 turns).

ezpacito the Chopper (Demonspawn Berserker)         Turns: 5556, Time: 00:11:29

Health: -1/68      AC: 14    Str: 20    XL:     9   Next: 20%
Magic:  9/9        EV: 10    Int:  7    God:    Trog [****..]
Gold:   172        SH:  0    Dex: 15    Spells: 8/8 levels left

rFire   . . .        l - +1 broad axe (elec)
rCold   . . .        e - orb {light}
rNeg    . . .        I - +1 plate armour
rPois   .            (no helmet)
rElec   .            (no cloak)
rCorr   .            (no gloves)
SInv    .            b - +0 pair of boots
Will    +....        (no amulet) Stlth
                     z - ring of willpower
HPRegen 0.31/turn    E - ring of flight
MPRegen 0.11/turn

%: no passive effects
@: lethally poisoned (-1 -> -4), on berserk cooldown, flying, slowed, glowing,
very slow
A: repulsion field 2, foul stench 1, spiny 2, weakness stinger 1
a: Renounce Religion, Berserk, Trog's Hand, Brothers in Arms


You were on level 7 of the Dungeon.
You worshipped Trog.
Trog was greatly pleased with you.
You visited 2 branches of the dungeon, and saw 8 of its levels.
You also visited: Sewer.

You collected 366 gold pieces.
You spent 194 gold pieces at shops.

Inventory:

Hand Weapons
 g - a +0 spear of venom
 i - a +0 sling
 l - a +1 broad axe of electrocution (weapon)
 r - a +0 great sword
 y - the +7 dagger of Uruocas {antimagic, rCorr Int+2 Dex+3}
   (You found it on level 3 of the Dungeon)

   Int+2:     It affects your intelligence (+2).
   Dex+3:     It affects your dexterity (+3).
   rCorr:     It protects you from acid and corrosion.
Missiles
 h - 25 poisoned darts (quivered)
 o - 32 stones
 q - a curare-tipped dart
 t - 4 boomerangs
 D - a throwing net
Armour
 b - a +0 pair of boots (worn)
 d - an orb of wrath
 e - an orb of light (worn)
 n - a +1 robe of cold resistance
 G - a scarf of invisibility
 I - a +1 plate armour (worn)
 J - a +0 buckler
Jewellery
 w - a ring of magical power
 z - a ring of willpower (left hand)
 E - a ring of flight (right hand)
Wands
 a - a wand of flame (21)
 F - a wand of quicksilver (14)
 K - a wand of roots (6)
Scrolls
 c - 2 scrolls of teleportation
 p - a scroll of brand weapon
 s - 2 scrolls of summoning
 u - a scroll of fear
 v - a scroll of poison
 x - a scroll of immolation
 A - 2 scrolls of silence
 C - a scroll of fog
 H - a scroll of noise
Potions
 f - a potion of attraction
 j - 2 potions of mutation
 k - 2 potions of magic
 m - 2 potions of lignification
 L - 2 potions of enlightenment


   Skills:
 * Level 5.0 Fighting
 * Level 2.6 Short Blades
 * Level 7.8 Axes
 * Level 2.4 Ranged Weapons
 * Level 1.3 Throwing
 * Level 4.5 Armour
 * Level 3.5 Dodging
 + Level 1.5 Stealth
 * Level 2.8 Unarmed Combat


You had 8 spell levels left.
You didn't know any spells.
Your spell library contained the following spells:

 Spells                   Type           Power      Damage    Failure   Level
 Freeze                   Ice            0%         1d3       100%        1
 Lesser Beckoning         Tloc           0%         N/A       100%        2
 Frozen Ramparts          Ice            0%         1d1       100%        3
 Gell's Gravitas          Tloc           0%         N/A       100%        3
 Hailstorm                Conj/Ice       0%         3d5       100%        3
 Teleport Other           Tloc           0%         N/A       100%        3


Dungeon Overview and Level Annotations

Branches:
Dungeon (7/15)             Temple (1/1) D:5           Sewer (visited)

Altars:
Ashenzari
Cheibriados
Dithmenos
Fedhas
Gozag
Hepliaklqana
Kikubaaqudgha
Nemelex Xobeh
Ru
Sif Muna
Uskayaw
Vehumet
Yredelemnul
Lugonu

Shops:
D:1 *   D:3 *   D:6 *   D:7 [

Portals:
Bailey: D:7

Annotations:
D:3 1 transporter, DeathSocks's ghost, amateur BaHu


Innate Abilities, Weirdness & Mutations

You are surrounded by a moderate repulsion field. (EV +3)
You may rarely emit foul miasma when damaged in melee.
You are mostly covered in sharp spines.
You have a small tail.


Message History

Items here: ( )))) ††.
You feel a strong urge to attack something.
You feel sick.
The kobold throws a poisoned dart.
The poisoned dart hits you!
You are more poisoned.
The goblin throws a boomerang.
The boomerang hits you.
You are no longer berserk.
You are exhausted.
You feel as though you will be slow longer.
You feel sick.
The goblin throws a boomerang.
The boomerang hits you but does no damage.
You feel sick.
The kobold throws a poisoned dart.
The poisoned dart hits you!
You are more poisoned.
The goblin throws a boomerang.
The boomerang closely misses you.
The goblin throws a boomerang.
The boomerang misses you.
The goblin throws a boomerang.
The boomerang closely misses you.
You feel very sick.
The goblin throws a boomerang.
The boomerang hits you.
* * * LOW HITPOINT WARNING * * *
You feel very sick.
The kobold throws a poisoned dart.
The poisoned dart hits you!
You are lethally poisoned!
The goblin throws a boomerang.
The boomerang hits you.
* * * LOW HITPOINT WARNING * * *
The kobold barely misses you.
You hit the kobold.
The kobold is moderately wounded.
* * * LOW HITPOINT WARNING * * *
You feel very sick. The kobold hits you but does no damage.
The goblin throws a boomerang.
The boomerang hits you but does no damage.
The kobold hits you but does no damage.
* * * LOW HITPOINT WARNING * * *
You feel very sick. The kobold attacks as it pursues you!
The kobold is struck by your spines.
You kill the kobold!
Trog accepts your kill.
* * * LOW HITPOINT WARNING * * *
You feel sick. The goblin is struck by your spines.
The goblin hits you but does no damage.
You die...

.........####....#########....
#.......######..## #.......
##.......).# ##.# #....##.
##..≈≈≈≈≈.## #.# #....##.
##.≈...≈..# #.# #.#.###.
#.≈.∩g≈..# #.# #..∩###.
#.≈.>g≈..###.# #.......
#.≈≈~≈≈gg..# ####.####
......K..##@# #.......#
......#.###.# #.##.##.#
...#... ... # #.##.# #.##.#.
##.## #.##.##.# #. #.#. #.#
#........ . .. #.# #########
## ## #.# ..#


You could see 4 goblins.

Vanquished Creatures
  5 yaks (D:7)
  A steam dragon (D:7)
  A water moccasin (D:6)
  An orc warrior (D:6)
  A black bear (D:6)
  A sky beast (D:7)
  A crocodile (Sewer)
  2 kobold brigands
  A bullfrog (D:7)
  A gnoll sergeant (D:7)
  A hound (D:4)
  4 bombardier beetles
  2 orc priests (D:6)
  A gnoll bouda (D:4)
  A sleepcap (D:5)
  Jessica (D:2)
  Natasha (thrice) (D:4)
  3 iguanas
  4 adders
  8 gnolls
  2 shadow imps (D:6)
  4 white imps
  2 ufetubi (D:5)
  2 dart slugs
  A ribbon worm (D:2)
  12 orcs
  3 bats
  13 endoplasms
  2 giant cockroaches
  8 goblins
  14 hobgoblins
  6 jackals
  21 kobolds
  6 quokkas
  7 ball pythons
  4 frilled lizards
  8 rats
  A spectral hobgoblin (D:4)
159 creatures vanquished.

Notes
Turn   | Place    | Note
-------+----------+-------------------------------------------
     0 | D:1      | ezpacito the Demonspawn Berserker began the quest for the
                  | Orb.
     0 | D:1      | Reached XP level 1. HP: 18/18 MP: 1/1
    46 | D:1      | Found Yffy's General Store.
   115 | D:1      | Gained mutation: You are partially covered in sharp spines.
                  | [demonic ancestry]
   115 | D:1      | Reached XP level 2. HP: 15/24 MP: 2/2
   325 | D:1      | Reached skill level 3 in Axes
   497 | D:1      | Gained mutation: You are surrounded by a mild repulsion
                  | field. (EV +2) [demonic ancestry]
   497 | D:1      | Reached XP level 3. HP: 27/29 MP: 3/3
   713 | D:1      | Reached ** piety under Trog
  1047 | D:2      | Noticed Jessica
  1056 | D:2      | Killed Jessica
  1057 | D:2      | Reached XP level 4. HP: 31/35 MP: 4/4
  1944 | D:3      | Found Zont's Assorted Antiques.
  1967 | D:3      | Bought a scroll of identify for 52 gold pieces
  2235 | D:3      | Identified the +7 dagger of Uruocas {antimagic, rCorr Int+2
                  | Dex+3}
  2332 | D:3      | Found a transporter.
  2333 | D:3      | Noticed an ogre
  2333 | D:3      | Noticed DeathSocks's ghost (amateur BaHu)
  2335 | D:3      | Noticed an ogre
  2336 | D:3      | Noticed an ogre
  2745 | D:4      | Reached skill level 4 in Axes
  2745 | D:4      | Reached skill level 1 in Stealth
  2745 | D:4      | Gained mutation: You are mostly covered in sharp spines.
                  | [demonic ancestry]
  2745 | D:4      | Reached XP level 5. HP: 42/42 MP: 5/5
  2855 | D:4      | Reached *** piety under Trog
  2860 | D:4      | Reached skill level 1 in Unarmed Combat
  2860 | D:4      | Found a hazy altar of Hepliaklqana.
  3022 | D:4      | Noticed Natasha
  3026 | D:4      | Killed Natasha
  3094 | D:4      | Gained mutation: You have a small tail. [demonic ancestry]
  3094 | D:4      | Reached XP level 6. HP: 48/48 MP: 6/6
  3141 | D:4      | Noticed Natasha
  3147 | D:4      | Killed Natasha
  3196 | D:4      | Noticed Natasha
  3201 | D:4      | Killed Natasha
  3212 | D:5      | Entered Level 5 of the Dungeon
  3240 | D:5      | Found a snail-covered altar of Cheibriados.
  3254 | D:5      | Found a glowing drain.
  3259 | D:5      | Reached skill level 1 in Short Blades
  3259 | D:5      | Reached skill level 5 in Axes
  3262 | D:5      | Reached skill level 1 in Ranged Weapons
  3286 | Sewer    | Entered a sewer
  3414 | Sewer    | Reached XP level 7. HP: 46/54 MP: 7/7
  3535 | D:5      | Found a staircase to the Ecumenical Temple.
  3595 | D:5      | Found an ancient bone altar of Kikubaaqudgha.
  3595 | D:5      | Found a sacrificial altar of Ru.
  3595 | D:5      | Found a radiant altar of Vehumet.
  3627 | D:5      | Found a sparkling altar of Nemelex Xobeh.
  4152 | Temple   | Entered the Ecumenical Temple
  4204 | D:6      | Reached **** piety under Trog
  4205 | D:6      | Reached skill level 6 in Axes
  4209 | D:6      | Gained mutation: You are surrounded by a moderate repulsion
                  | field. (EV +3) [demonic ancestry]
  4209 | D:6      | Reached XP level 8. HP: 24/61 MP: 8/8
  4692 | D:6      | Found Onufanarea's Assorted Antiques.
  4700 | D:6      | Bought a scroll of identify for 40 gold pieces
  4700 | D:6      | Bought a scroll of identify for 40 gold pieces
  4700 | D:6      | Bought a scroll labelled NELESA ZEGY for 20 gold pieces
  4700 | D:6      | Bought a wand of flame (3) for 42 gold pieces
  5299 | D:7      | Found Fileekk's Antique Armour Emporium.
  5380 | D:7      | Reached skill level 7 in Axes
  5389 | D:7      | Reached skill level 1 in Throwing
  5393 | D:7      | Gained mutation: You may rarely emit foul miasma when
                  | damaged in melee. [demonic ancestry]
  5393 | D:7      | Reached XP level 9. HP: 67/67 MP: 9/9
  5528 | D:7      | Reached skill level 5 in Fighting
  5538 | D:7      | Found a flagged portal.
  5554 | D:7      | HP: 3/68 [poisoned by a kobold]
  5555 | D:7      | HP: 1/68 [poisoned by a kobold]
  5556 | D:7      | Succumbed to a kobold's poison

Illustrated notes

Levels and vault maps discovered:
D:1:      minmay_arrival_four_houses, layout_loops_ring, serial_shops, shop
D:2:      layout_basic, uniq_jessica
D:3:      layout_loops_ring, gammafunk_ghost_smash, serial_shops, shop
D:4:      cheibrodos_old_hovel, layout_gridville,
          nicolae_hepliaklqana_monster_ancestors, kennysheep_generic_room_4,
          uniq_natasha
D:5:      layout_cave_pools, slow_altar_1, lemuel_tele_altar,
          grunt_temple_overflow_open, temple_doors_e, portal_sewer_entry_a
D:6:      layout_gridville, serial_shops, shop, minivault_1
D:7:      layout_loops_corners, enter_bailey_5, serial_shops, shop
Temple:   kb_corrupted_temple

Skill      XL: |  1  2  3  4  5  6  7  8  9 |
---------------+----------------------------+-----
Armour         | 2 3 4 |  4.5
Axes           | 3 4 5 6 7 |  7.8
Dodging        | 2 3 |  3.5
Stealth        | 1 |  1.5
Unarmed Combat | 1 2 |  2.8
Short Blades   | 1 2 |  2.6
Fighting       | 4 5 |  5.0
Ranged Weapons | 1 2 |  2.4
Throwing       | 1 |  1.3

Action                     |  1- 3 |  4- 6 |  7- 9 || total
---------------------------+-------+-------+-------++-------
  Melee: Hand axe          |    43 |       |       ||    43
         Broad axe         |    14 |    84 |    73 ||   171
         Tailslap          |       |     3 |     9 ||    12
 Invoke: Berserk           |       |       |     3 ||     3
    Use: Scroll            |     5 |     4 |    11 ||    20
         Potion            |       |     4 |     3 ||     7
   Stab: Sleeping          |       |     2 |       ||     2
 Armour: Animal skin       |    15 |       |       ||    15
         Robe              |       |    27 |       ||    27
         Scale mail        |       |     5 |    20 ||    25
         Plate armour      |       |       |    45 ||    45
  Dodge: Dodged            |    29 |    50 |    43 ||   122
